 Dungeon Crawl Stone Soup version 0.29-a0-284-gf9362112df (webtiles) character file.

Game seed: 15847042764019183038

24 NinjaNoafa the Chopper (level 3, 0/33 HPs)
             Began as a Hill Orc Monk on Mar 28, 2022.
             Succumbed to a water moccasin's poison
             ... on level 4 of the Dungeon.
             The game lasted 00:12:04 (547 turns).

NinjaNoafa the Chopper (Hill Orc Monk)               Turns: 547, Time: 00:12:05

Health: 0/33       AC:  5    Str: 13    XL:     3   Next: 2%
Magic:  3/3        EV: 11    Int: 10    God:
Gold:   26         SH:  0    Dex: 15    Spells: 2/2 levels left

rFire   . . .      SeeInvis .   a - +1 hand axe
rCold   . . .      Faith    .   (no shield)
rNeg    . . .      Spirit   .   p - +0 ring mail
rPois   .          Reflect  .   (no helmet)
rElec   .          Harm     .   l - scarf {repulsion}
rCorr   .          Rampage  .   (no gloves)
Will    .....                   (no boots)
Stlth   +.........              (no amulet)
HPRegen 0.11/turn               (no ring)
MPRegen 0.08/turn               (no ring)

@: lethally poisoned (0 -> -3), repel missiles
A: no striking features
a: no special abilities


You were on level 4 of the Dungeon.
You visited 1 branch of the dungeon, and saw 3 of its levels.

You collected 26 gold pieces.

Inventory:

Hand Weapons
 a - a +1 hand axe (weapon)
 c - a +0 dagger
 e - a +0 hunting sling
 h - a +0 dagger
 i - a +0 dagger
 k - a +0 quarterstaff
 m - a +0 dagger
 q - a +0 dagger
 r - a +0 club
Armour
 b - a +0 robe
 l - a scarf of repulsion (worn)
 p - a +0 ring mail (worn)
Scrolls
 g - a scroll of enchant weapon
 n - a scroll of teleportation {unknown}


   Skills:
 + Level 4.1 Fighting
 + Level 4.5 Axes
 + Level 0.2 Slings
 + Level 2.6 Dodging
 + Level 1.7 Stealth


You had 2 spell levels left.
You didn't know any spells.
Your spell library was empty.

Dungeon Overview and Level Annotations

Branches:
Dungeon (2/15)

Altars:
Vehumet


Message History

The water moccasin poisons you!
You hit the water moccasin.
The water moccasin is moderately wounded.
You feel very sick. The water moccasin barely misses you.
The water moccasin bites you.
You are more poisoned.
The water moccasin poisons you!
It was a potion of cancellation.
You feel magically purged.
* * * LOW HITPOINT WARNING * * *
You feel very sick.
The water moccasin bites you but does no damage.
An adder comes into view.
It was a potion of curing.
You feel better.
The adder hisses angrily.
The water moccasin bites you.
You are poisoned.
The water moccasin poisons you!
The water moccasin attacks as you move away!
The water moccasin bites you but does no damage.
You feel very sick. The water moccasin barely misses you.
As you read the scroll labelled MIHUCL PYTIPH, it crumbles to dust.
It is a scroll of identify.
f - a scroll of fog You feel sick.
The water moccasin closely misses you.
As you read the scroll of fog, it crumbles to dust.
The scroll dissolves into smoke.
You feel sick. The water moccasin barely misses you.
The water moccasin bites you but does no damage.
As you read the scroll labelled UZOILAMATIOP, it crumbles to dust.
It is a scroll of enchant weapon.
Your +0 hand axe glows red for a moment.
You feel sick. The water moccasin bites you.
* * * LOW HITPOINT WARNING * * *
The endoplasm hits you.
* * * LOW HITPOINT WARNING * * *
As you read the scroll labelled WETUG UL COSS, it crumbles to dust.
You feel aware of your surroundings.
You sensed 1 altar.
It was a scroll of magic mapping.
You die...

,*,,,,,,*,,,,**,,,,,,,,***,,*,,,*
,*,,,,,,**.,***,,,,,,,,**,,*,,,,*
,*,,,,,,**#.***,,,,,,,,**,,,,,,,*
,******** #(.**,,,,,,,,***,,,,,,*
,* *#.#*,,,,,,,,* **,,,,** **
#..####*,**********,**
**####....#*,* *,,,,,,,,*
*,......§§#*,* *,,,,,,,,*
*,......S@#######,,,,,,,,,
*,.....§§SJ§.....,,,,,,,,,
********,.....§§§§§.....,,,,,,,,,
,,*,,,,**######....#.#..,,,,,,,,,
,,*,,,,,,,,,,,...#.....*,,,*****,
,,*,,,,,,,,,,#.....#.#..,,,* *,
,,,,,,,,,,,,,#..#.......*,,* *,
,,*,,,,,,,,,,#..,.#[_.#.,,,* **
,,*,,,,,,,,,,#..*......,*,,*****


You could see a water moccasin, an adder and an endoplasm.

Vanquished Creatures
  3 ball pythons (D:1)
  3 endoplasms
  6 goblins (D:1)
  3 hobgoblins (D:1)
  2 jackals (D:1)
  A quokka (D:1)
  A bat (D:1)
19 creatures vanquished.

Notes
Turn   | Place    | Note
-------+----------+-------------------------------------------
     0 | D:1      | NinjaNoafa the Hill Orc Monk began the quest for the Orb.
     0 | D:1      | Reached XP level 1. HP: 19/19 MP: 1/1
   185 | D:1      | Reached XP level 2. HP: 22/27 MP: 2/2
   531 | D:2      | Reached XP level 3. HP: 15/33 MP: 3/3
   538 | D:2      | You fall into a shaft and drop 2 floors!
   538 | D:4      | Noticed a water moccasin
   538 | D:4      | Found a radiant altar of Vehumet.
   546 | D:4      | HP: 1/33 [endoplasm (1)]
   547 | D:4      | Succumbed to a water moccasin's poison

Illustrated notes

Levels and vault maps discovered:
D:1:      zaba_arrival_water, layout_loops_ring, serial_glass, glass_columns_a,
          glass_columns_b, minmay_strange_pillars, feat_on_display,
          minmay_strange_pillars, minmay_strange_pillars
D:2:      layout_basic, hellmonk_ecumenical_altar_zigzags,
          minmay_misc_feat_encased
D:4:      layout_basic, tso_oasis_becter, nicolae_vehumet_radiance,
          serial_park_tiny_2

Skill      XL: |  1  2 |
---------------+-------+-----
Fighting       | 4 |  4.1
Axes           | |  4.5
Slings         | |  0.2
Dodging        | |  2.6
Stealth        | |  1.7

Action                   || total
-------------------------++-------
Melee: Hand axe          ||    50
       Punch             ||     1
 Fire: Hunting sling     ||     5
  Use: Potion            ||     3
       Scroll            ||     4
 Stab: Sleeping          ||     1
Armor: Robe              ||    20
       Ring mail         ||     4
Dodge: Dodged            ||    60

Table legend: (Time is in decaauts)
 A = Elapsed time spent in this place.
 B = Non-inter-level travel time spent in this place.
 C = Inter-level travel time spent in this place.
 D = Time resting spent in this place.
 E = Time spent auto-exploring this place.
 F = Levels seen in this place.
 G = Mean time per level.
                   A        B        C        D        E       F      G
               +--------+--------+--------+--------+--------+-----+--------+
         Total |    562 |    562 |      0 |      0 |      0 |   3 |  187.3 |
       Dungeon |    562 |    562 |      0 |      0 |      0 |   3 |  187.3 |
               +--------+--------+--------+--------+--------+-----+--------+

Top non-repeatable levels by time:
     D:1: 530 daAuts
     D:2: 23 daAuts
     D:4: 9 daAuts
